 Dungeon Crawl Stone Soup version 0.25.1-2-g60ff931df9 (webtiles) character file.

Game seed: 11892622904726523246

97775 Thedude21 the Warrior (level 16, -5/161 HPs)
             Began as a Hill Orc Fighter on Oct 27, 2020.
             Was the Champion of Okawaru.
             Killed from afar by a merfolk aquamancer (18 damage)
             ... with a shard of ice
             ... on level 4 of the Shoals on Nov 4, 2020.
             The game lasted 03:15:18 (29787 turns).

Thedude21 the Warrior (Hill Orc Fighter)           Turns: 29787, Time: 03:15:22

Health: -5/161     AC: 22    Str: 26    XL:     16   Next: 20%
Magic:  22/22      EV:  7    Int:  8    God:    Okawaru [******]
Gold:   1725       SH: 13    Dex: 10    Spells: 15/15 levels left

rFire    + . .     SeeInvis +   M - +2 war axe (flame)
rCold    + . .     Gourm    .   u - +0 kite shield {reflect}
rNeg     . . .     Faith    .   r - +0 plate armour
rPois    .         Spirit   .   i - +2 helmet {SInv}
rElec    .         Reflect  +   g - scarf {rC+ rF+}
rCorr    +         Harm     .   b - +2 pair of gloves
MR       ++...                  (no boots)
Stlth    ..........             P - amulet of regeneration
HPRegen  0.76/turn              B - ring of resist corrosion
MPRegen  0.18/turn              N - ring of protection from magic

@: barbed spikes
A: no striking features
a: Heroism, Finesse, Renounce Religion


You were on level 4 of the Shoals.
You worshipped Okawaru.
Okawaru was exalted by your worship.
You were not hungry.

You visited 6 branches of the dungeon, and saw 24 of its levels.

You collected 1725 gold pieces.

Inventory:

Hand Weapons
 h - a +3 vorpal broad axe
 q - a +3 dire flail of draining
 E - a +4 vorpal executioner's axe
 M - a +2 war axe of flaming (weapon)
Armour
 b - a +2 pair of gloves (worn)
 e - a +2 cloak of poison resistance
 g - a scarf of resistance (worn)
 i - a +2 helmet of see invisible (worn)
 l - a +3 tower shield
 r - a +0 plate armour (worn)
 u - a +0 kite shield of reflection (worn)
Jewellery
 a - an uncursed ring of flight
 n - an uncursed ring of protection from fire
 o - an uncursed amulet of faith
 x - an uncursed ring of fire
 y - a +4 ring of evasion
 B - a ring of resist corrosion (left hand)
 C - an uncursed ring of protection from cold
 F - an uncursed ring of protection from cold
 J - an uncursed ring of fire
 K - a +4 ring of evasion
 L - an uncursed ring of positive energy
 N - a ring of protection from magic (right hand)
 P - an amulet of regeneration (around neck)
Wands
 c - a wand of flame (2)
 s - a wand of paralysis (13)
 t - a wand of polymorph (14)
 O - a wand of iceblast (7)
Scrolls
 j - a scroll of blinking
 k - 9 scrolls of remove curse
 p - 2 scrolls of enchant armour
 v - 4 scrolls of magic mapping
 w - 6 scrolls of teleportation
 I - 6 scrolls of identify
Potions
 d - 3 potions of haste
 m - a potion of stabbing
 z - 6 potions of curing
 A - 3 potions of might
 D - 4 potions of resistance
 G - 4 potions of flight
 H - a potion of cancellation
 Q - 2 potions of berserk rage
Comestibles
 f - 28 rations


   Skills:
 * Level 19.6 Fighting
 - Level 18.0 Axes
 + Level 12.1 Armour
 + Level 12.1 Shields
 + Level 8.5 Evocations


You had 15 spell levels left.
You didn't know any spells.
Your spell library contained the following spells:

 Spells                   Type           Power        Failure   Level  Hunger
 Animate Skeleton         Necr           N/A          99%         1    ##.....
 Apportation              Tloc           #.....       99%         1    ##.....
 Corona                   Hex            #......      99%         1    ##.....
 Foxfire                  Conj/Fire      #...         99%         1    ##.....
 Magic Dart               Conj           #...         99%         1    ##.....
 Sting                    Tmut/Pois      #...         99%         1    ##.....
 Summon Small Mammal      Summ           #...         99%         1    ##.....
 Call Imp                 Summ           #.......     100%        2    ###....
 Searing Ray              Conj           #.....       100%        2    ###....
 Slow                     Hex            #.......     100%        2    ###....
 Call Canine Familiar     Summ           #.......     100%        3    ####...
 Dazzling Flash           Conj/Hex       #.....       100%        3    ####...
 Inner Flame              Hex/Fire       #.......     100%        3    ####...
 Portal Projectile        Hex/Tloc       #.....       100%        3    ####...
 Static Discharge         Conj/Air       #.......     100%        3    ####...
 Summon Guardian Golem    Hex/Summ       #.......     100%        3    ####...
 Cause Fear               Hex            #.........   100%        4    #####..
 Fulminant Prism          Conj/Hex       #.........   100%        4    #####..
 Iskenderun's Mystic Bla  Conj/Tloc      #.......     100%        4    #####..
 Leda's Liquefaction      Hex/Erth       #.........   100%        4    #####..
 Olgreb's Toxic Radiance  Pois           #.......     100%        4    #####..
 Summon Ice Beast         Ice/Summ       #.......     100%        4    #####..
 Summon Lightning Spire   Summ/Air       #.......     100%        4    #####..
 Alistair's Intoxication  Tmut/Pois      #.......     100%        5    ######.
 Bolt of Magma            Conj/Fire/Erth #.........   100%        5    ######.
 Iskenderun's Battlesphe  Conj/Chrm      #.......     100%        5    ######.
 Metabolic Englaciation   Hex/Ice        #.........   100%        5    ######.
 Conjure Ball Lightning   Conj/Air       #.........   100%        6    #######
 Eringya's Noxious Bog    Tmut/Pois      #.........   100%        6    #######
 Iron Shot                Conj/Erth      #.........   100%        6    #######
 Statue Form              Tmut/Erth      #........    100%        6    #######
 Orb of Destruction       Conj           #.........   100%        7    #######
 Spellforged Servitor     Conj/Summ      #.........   100%        7    #######
 Shatter                  Erth           #.........   100%        9    #######


Dungeon Overview and Level Annotations

Branches:
Dungeon (11/15)            Temple (1/1) D:4            Lair (6/6) D:11
 Shoals (4/4) Lair:2        Snake (0/4) Lair:3        Slime (1/5) Lair:6
    Orc (0/2) D:10           Hell (visited)
    Dis: Hell:1         Geh: Hell:1         Coc: Hell:1         Tar: Hell:1

Altars:
Ashenzari
Cheibriados
Dithmenos
Elyvilon
Fedhas
Gozag
Hepliaklqana
Kikubaaqudgha
Makhleb
Nemelex Xobeh
Okawaru
Qazlal
Ru
Sif Muna
Trog
Uskayaw
Vehumet
Wu Jian
Xom
Yredelemnul
Zin
The Shining One
Lugonu

Portals:
Hell: Lair:6

Annotations:
Lair:1 exclusion: oklob plant
Shoals:3 3 runed translucent doors, KappaVara's ghost, adept DsFi; ShutUppercut's ghost, adept SpEn; finalsalamander's ghost, adept HOMo; thechecker02's ghost, adept GnFi
Hell Geryon


Message History

The manticore flicks its tail.
The volley of spikes hits you!
The barbed spikes become lodged in your body.
The merfolk aquamancer points at you and mumbles some strange words.
The torrent of water hits you!!
* * * LOW HITPOINT WARNING * * *
You are knocked back by the torrent of water.
Splash!
The wave splashes down.
The manticore flicks its tail.
Your +0 kite shield of reflection reflects the volley of spikes!
The volley of spikes hits the manticore.
The barbed spikes dig painfully into your body as you move.
* * * LOW HITPOINT WARNING * * *
The merfolk javelineer throws a javelin.
The javelin misses you.
You hear a splash.
The merfolk aquamancer casts a spell at you.
The shard of ice hits you!! You partially resist.
You die...

PP.....#.≈...........PP≈≈≈≈≈#
≈≈≈.....≈.########..##P≈≈≈≈≈#
≈≈≈≈≈≈≈≈((.......(≈...P≈≈≈≈≈#
≈≈≈≈≈≈≈≈≈.........≈≈≈≈≈≈≈≈≈≈#
≈≈≈≈≈≈≈≈≈.....H..≈≈≈≈≈≈≈≈≈≈≈#
≈≈≈≈≈≈≈≈≈≈(..m..≈≈≈≈≈≈≈≈≈≈
≈≈≈≈≈≈≈≈≈≈≈.≈m.≈(≈≈≈≈≈≈≈≈≈
≈≈≈≈≈≈≈≈≈≈≈...≈≈≈≈≈≈≈≈≈≈≈≈
≈≈≈≈≈≈≈≈≈≈≈≈.≈≈≈@≈≈≈≈≈≈≈≈≈
≈##≈≈#≈#≈≈≈≈≈≈≈≈≈≈≈≈≈≈≈≈≈
≈#######≈≈≈≈≈≈≈≈≈≈≈≈≈≈≈≈≈
#≈≈#≈≈≈###)≈≈≈≈≈≈≈≈≈≈≈≈≈≈
#≈≈≈≈≈≈≈##≈≈≈≈≈≈≈≈≈≈≈≈≈≈≈
##≈#≈#≈###)≈≈≈≈≈≈≈≈≈≈≈≈≈≈
#≈≈≈≈≈# #≈≈≈≈≈≈≈≈≈≈≈≈≈≈≈
##≈#≈#≈###≈≈≈≈≈≈≈≈≈≈≈≈≈≈≈
#≈≈≈≈≈≈≈#≈≈≈≈≈≈≈≈≈≈≈≈≈≈≈≈


You could see a merfolk javelineer, a merfolk aquamancer and a manticore
(skewered).

Vanquished Creatures
  Polyphemus (Shoals:2)
  2 entropy weavers
  A dire elephant (Lair:6)
  Snorg (Lair:4)
  3 merfolk javelineers
  3 merfolk impalers
  2 catoblepae
  7 merfolk aquamancers
  3 hydras
  A centaur warrior (D:11)
  4 merfolk avatars
  2 two-headed ogres
  A queen ant (Lair:6)
  2 alligator snapping turtles
  15 death yaks
  A sun demon (Lair:6)
  A fire crab (Lair:5)
  A wizard (Lair:6)
  3 sea snakes
  An unseen horror (D:10)
  4 harpies (Shoals:1)
  2 cyclopes
  A faun (Shoals:1)
  8 manticores
  6 merfolk sirens
  21 elephants
  3 black mambas
  12 spiny frogs
  A torpor snail (Shoals:3)
  A smoke demon (Lair:6)
  A gargoyle (D:11)
  2 centaur skeletons (D:10)
  An orange demon (Lair:6)
  3 water nymphs
  6 rime drakes
  6 komodo dragons
  3 ice devils (Lair:6)
  21 merfolk
  3 trolls
  A red devil (Lair:6)
  2 wind drakes
  Grinder (D:3)
  4 polar bears (Lair:2)
  17 blink frogs
  11 hippogriffs
  10 dream sheep
  5 snapping turtles
  A meliai zombie (D:11)
  21 yaks
  A spriggan (D:8)
  8 water elementals
  5 hogs (Lair:4)
  4 wyverns
  3 hungry ghosts
  A basilisk (Lair:4)
  Menkaure (D:5)
  23 soldier ants
  5 hell hounds (Lair:6)
  16 water moccasins
  6 porcupines
  7 orc warriors
  2 sky beasts
  An eye of draining (D:9)
  6 ice beasts
  15 wolves
  14 crocodiles
  4 ogres
  12 centaurs
  2 big kobolds (D:8)
  17 bullfrogs
  A gnoll sergeant (D:10)
  A water moccasin skeleton (D:9)
  4 scorpions
  9 wights
  5 howler monkeys
  2 vampire bats (D:4)
  5 crimson imps
  2 quasits
  4 bullfrog skeletons
  2 centaur zombies
  4 hounds
  3 jellies
  8 orc priests
  12 orc wizards
  Ijyb (D:3)
  An iguana (D:6)
  24 worker ants
  A hound zombie (D:10)
  4 gnolls
  A worker ant zombie (D:5)
  11 adders
  2 shadow imps
  6 oozes
  An adder zombie (D:6)
  2 adder skeletons
  4 worms
  A dart slug (D:1)
  5 leopard geckos
  88 orcs
  5 bat zombies (D:4)
  8 giant cockroaches
  2 gnoll zombies (D:4)
  8 goblins
  9 hobgoblins
  13 jackals
  4 quokkas
  6 bats
  7 frilled lizards
  A jackal zombie (D:7)
  15 kobolds
  A leopard gecko skeleton (D:4)
  A leopard gecko zombie (D:6)
  A quokka skeleton (D:6)
  5 rats
  5 fungi
  11 plants
702 creatures vanquished.

Vanquished Creatures (others)
  Kirke (Lair:4)
  10 fungi
  9 plants
20 creatures vanquished.

Grand Total: 722 creatures vanquished

Notes
Turn   | Place    | Note
-------+----------+-------------------------------------------
     0 | D:1      | Thedude21 the Hill Orc Fighter began the quest for the Orb.
     0 | D:1      | Reached XP level 1. HP: 19/19 MP: 1/1
    59 | D:1      | Reached skill level 4 in Fighting
    65 | D:1      | Reached XP level 2. HP: 13/27 MP: 2/2
   671 | D:1      | Reached skill level 5 in Fighting
   671 | D:1      | Reached XP level 3. HP: 36/36 MP: 3/3
   776 | D:1      | Found an ancient bone altar of Kikubaaqudgha.
  1094 | D:2      | Reached XP level 4. HP: 43/44 MP: 4/4
  1325 | D:2      | Reached skill level 6 in Fighting
  1862 | D:3      | Noticed Ijyb
  1868 | D:3      | Paralysed by Ijyb for 7 turns
  1877 | D:3      | Paralysed by Ijyb for 6 turns
  1883 | D:3      | Killed Ijyb
  1885 | D:3      | Reached XP level 5. HP: 50/51 MP: 5/5
  2181 | D:3      | Noticed Grinder
  2198 | D:3      | Paralysed by Grinder for 3 turns
  2204 | D:3      | Killed Grinder
  2204 | D:3      | Reached skill level 8 in Fighting
  2204 | D:3      | Reached XP level 6. HP: 29/62 MP: 6/6
  2620 | D:4      | Noticed an orc warrior
  2958 | D:3      | Killed an orc warrior
  2958 | D:3      | Reached XP level 7. HP: 34/69 MP: 7/7
  3207 | D:4      | Reached skill level 5 in Axes
  3536 | D:4      | Found a staircase to the Ecumenical Temple.
  3676 | D:4      | Found a shattered altar of Ashenzari.
  3687 | Temple   | Entered the Ecumenical Temple
  3757 | Temple   | Became a worshipper of Warmaster Okawaru
  3961 | D:4      | Found a shimmering altar of Xom.
  4052 | D:4      | Found an ancient bone altar of Kikubaaqudgha.
  4162 | D:4      | Found a basalt altar of Yredelemnul.
  4374 | D:4      | Found a stormy altar of Qazlal.
  4459 | D:5      | Entered Level 5 of the Dungeon
  4471 | D:5      | Noticed Menkaure
  4484 | D:5      | Killed Menkaure
  4484 | D:5      | Reached XP level 8. HP: 41/77 MP: 8/8
  4675 | D:5      | Reached * piety under Okawaru
  4744 | D:5      | Found a hazy altar of Hepliaklqana.
  4750 | D:5      | Found a shadowy altar of Dithmenos.
  4750 | D:5      | Noticed a shadow
  5037 | D:5      | Reached skill level 9 in Fighting
  5987 | D:6      | Reached ** piety under Okawaru
  6296 | D:6      | Reached XP level 9. HP: 63/84 MP: 9/9
  6982 | D:6      | Reached skill level 5 in Armour
  6982 | D:6      | Reached skill level 5 in Shields
  7283 | D:7      | Found a white marble altar of Elyvilon.
  7326 | D:7      | Found a shimmering blue altar of Sif Muna.
  7589 | D:7      | Reached skill level 10 in Axes
  7626 | D:7      | Found a bloodstained altar of Trog.
  8459 | D:8      | Reached skill level 10 in Fighting
  8498 | D:8      | Reached *** piety under Okawaru
  9139 | D:8      | Reached **** piety under Okawaru
  9139 | D:8      | Reached XP level 10. HP: 70/94 MP: 10/10
  9792 | D:9      | Found a hide-covered altar of Uskayaw.
  9982 | D:9      | Found a glowing golden altar of the Shining One.
 10132 | D:9      | Reached skill level 1 in Evocations
 10372 | D:9      | Reached ***** piety under Okawaru
 10656 | D:10     | Entered Level 10 of the Dungeon
 10669 | D:9      | Reached skill level 11 in Fighting
 10686 | D:10     | Received a gift from Okawaru
 11420 | D:10     | Found a staircase to the Orcish Mines.
 11520 | D:10     | Reached XP level 11. HP: 98/102 MP: 13/13
 11572 | D:10     | Noticed a two-headed ogre
 11582 | D:10     | Killed a two-headed ogre
 13130 | D:11     | Noticed a centaur warrior
 13154 | D:11     | Killed a centaur warrior
 13154 | D:11     | Received a gift from Okawaru
 13154 | D:11     | Reached skill level 12 in Fighting
 13500 | D:11     | Reached skill level 5 in Evocations
 13609 | D:11     | Noticed a cyclops
 13618 | D:11     | Killed a cyclops
 13663 | D:11     | Noticed a death yak
 13692 | D:11     | Killed a death yak
 13933 | D:11     | Found a staircase to the Lair.
 13934 | D:11     | Noticed a death yak
 13959 | D:11     | Killed a death yak
 13959 | D:11     | Received a gift from Okawaru
 14023 | D:11     | Noticed a death yak
 14036 | D:11     | Noticed a death yak
 14036 | D:11     | Noticed a death yak
 14038 | D:11     | Noticed a death yak
 14042 | D:11     | Noticed a death yak
 14054 | D:11     | Killed a death yak
 14060 | D:11     | Killed a death yak
 14060 | D:11     | Reached XP level 12. HP: 47/113 MP: 15/15
 14063 | D:11     | Killed a death yak
 14064 | D:11     | Killed a death yak
 14067 | D:11     | Killed a death yak
 14594 | D:11     | Reached ****** piety under Okawaru
 14776 | D:11     | Noticed a two-headed ogre
 14795 | D:11     | Killed a two-headed ogre
 15203 | Lair:1   | Entered Level 1 of the Lair of Beasts
 15233 | Lair:1   | Received a gift from Okawaru
 15380 | Lair:1   | Reached skill level 10 in Armour
 15387 | Lair:1   | Reached skill level 10 in Shields
 15390 | Lair:1   | Reached skill level 13 in Fighting
 15851 | Lair:1   | Reached skill level 15 in Axes
 16154 | Lair:1   | Noticed a six-headed hydra
 16427 | Lair:1   | Killed a 16-headed hydra
 16470 | Lair:2   | Received a gift from Okawaru
 16823 | Lair:2   | Reached XP level 13. HP: 117/122 MP: 13/16
 17013 | Lair:2   | Received a gift from Okawaru
 17013 | Lair:2   | Reached skill level 14 in Fighting
 17016 | Lair:2   | Got a masterwork scale mail {god gift}
 17027 | Lair:2   | Identified the +2 scale mail of Moemment {Dex+4} (Okawaru
                  | gifted it to you on level 2 of the Lair of Beasts)
 17766 | Lair:2   | Found a staircase to the Shoals.
 18726 | Lair:3   | Found a staircase to the Snake Pit.
 19358 | Lair:4   | Identified the Compendium of Hurtful Poisoning
 19495 | Lair:4   | Identified a scroll of acquirement
 19495 | Lair:4   | Acquired a +4 vorpal executioner's axe
 19939 | Lair:4   | Noticed Kirke
 19942 | Lair:4   | Noticed a sphinx
 19956 | Lair:4   | Killed Kirke
 20281 | Lair:4   | Received a gift from Okawaru
 20526 | Lair:5   | Reached skill level 15 in Fighting
 20572 | Lair:5   | Noticed Snorg
 20603 | Lair:4   | Killed Snorg
 20933 | Lair:5   | Reached XP level 14. HP: 135/135 MP: 17/17
 21011 | Lair:5   | Reached skill level 16 in Fighting
 21898 | Lair:6   | Entered Level 6 of the Lair of Beasts
 21994 | Lair:6   | Noticed an entropy weaver
 22030 | Lair:5   | Killed an entropy weaver
 22030 | Lair:5   | Reached skill level 17 in Fighting
 22204 | Lair:6   | Received a gift from Okawaru
 22396 | Lair:6   | Noticed an entropy weaver
 22406 | Lair:6   | Killed an entropy weaver
 22469 | Lair:6   | Found a staircase to the Slime Pits.
 23460 | Lair:6   | Noticed a dire elephant
 23484 | Lair:6   | Killed a dire elephant
 23484 | Lair:6   | Reached skill level 18 in Fighting
 23590 | Lair:6   | Reached XP level 15. HP: 149/149 MP: 19/19
 23593 | Lair:6   | Found a burning altar of Makhleb.
 23734 | Lair:6   | Found a gateway to Hell.
 23774 | Hell     | Entered the Vestibule of Hell
 23774 | Hell     | Noticed Geryon
 23857 | Slime:1  | Entered Level 1 of the Pits of Slime
 23857 | Slime:1  | Noticed an acid blob
 23857 | Slime:1  | Noticed an acid blob
 23860 | Slime:1  | Noticed an acid blob
 24115 | Shoals:1 | Entered Level 1 of the Shoals
 25103 | Shoals:2 | Received a gift from Okawaru
 26214 | Shoals:3 | Noticed Polyphemus
 26457 | Shoals:2 | Killed Polyphemus
 26457 | Shoals:2 | Received a gift from Okawaru
 27041 | Shoals:3 | Reached skill level 19 in Fighting
 27271 | Shoals:3 | Found a runed translucent gate.
 27272 | Shoals:3 | Found a runed translucent gate.
 27273 | Shoals:3 | Found a runed translucent gate.
 27273 | Shoals:3 | Noticed ShutUppercut's ghost (adept SpEn)
 27274 | Shoals:3 | Noticed finalsalamander's ghost (adept HOMo)
 27274 | Shoals:3 | Noticed KappaVara's ghost (adept DsFi)
 27275 | Shoals:3 | Noticed finalsalamander's ghost (adept HOMo)
 27278 | Shoals:3 | Noticed thechecker02's ghost (adept GnFi)
 27687 | Shoals:4 | Entered Level 4 of the Shoals
 28397 | Shoals:4 | Reached XP level 16. HP: 44/160 MP: 19/22
 28802 | Shoals:4 | Identified the Handbook of Nocuous Beguiling
 29037 | Shoals:4 | Received a gift from Okawaru
 29274 | Shoals:4 | Identified the +1 leather armour "Yhacynal" {rElec rF-
                  | Int+7 Stlth+}
 29787 | Shoals:4 | Killed from afar by a merfolk aquamancer

Illustrated notes

Levels and vault maps discovered:
D:1:      dpeg_arrival_water_altar, layout_rooms, kennysheep_crisscross,
          minmay_parallelograms
D:2:      layout_loops_ring
D:3:      cheibrodos_old_hovel, layout_basic, uniq_ijyb, uniq_grinder
D:4:      layout_loops_ring, lemuel_zombie_altar_yredelemnul,
          kennysheep_vampire_church, lemuel_coloured_pillars_altar,
          lemuel_doored_altar, minmay_temple_entry_mini_moons, first_ration,
          nicolae_qazlal_eye_of_the_storm
D:5:      layout_loops_ring, riverfiend_overflow_shadow_ancestor, uniq_menkaure
D:6:      layout_layer_cave
D:7:      layout_loops_cross, kennysheep_mini_moat, lemuel_crystal_altar,
          trog_three_pillars_becter
D:8:      layout_loops_ring, the_bakery
D:9:      layout_basic, old_standard_altar, old_standard_altar
D:10:     layout_rooms, hiddenorc2_lemuel
D:11:     layout_long_grid, dpeg_lair_monsters
Temple:   kb_corrupted_temple
Lair:1:   layout_chaotic_city, grunt_forest_large_clearing_hut,
          minmay_lair_oklob_chamber
Lair:2:   layout_layer_cave, minmay_shoals_entry_hut, cheibrodos_lair_lostbears,
          grunt_megastairs_3
Lair:3:   layout_regular_city, dummy_snake_entry
Lair:4:   layout_loops_ring, uniq_kirke
Lair:5:   layout_layer_cave, grunt_megastairs_5, lemuel_fruit_tree,
          serial_bayou_shore_b, infiniplex_staircase_pool_2,
          serial_bayou_shore_b, uniq_snorg
Lair:6:   evil_forest, layout_gridlike, nicolae_slime_entry_slimehenge,
          zaba_anthell
Shoals:1: layout_shoals
Shoals:2: nicolae_shoals_island_circles, layout_shoals
Shoals:3: layout_shoals, gammafunk_ghost_cemetery,
          nicolae_shoals_arrival_archipelago, uniq_polyphemus
Shoals:4: shoals_end_grunt_ice, layout_shoals, nicolae_shoals_cliffside_cave,
          nicolae_shoals_aquamancer_cove
Slime:1:  layout_caves, cheibrodos_slime_lost_civilization_4
Hell

Skill      XL: |  1  2  3  4  5  6  7  8  9 10 11 12 13 14 15 16 |
---------------+-------------------------------------------------+-----
Fighting       | 4 5 6 8 9 10 11 12 13 15 18 19 | 19.6
Axes           | 4 7 9 11 12 13 15 18 | 18.0
Armour         | 4 6 7 9 10 11 12 | 12.1
Shields        | 4 6 7 9 10 11 12 | 12.1
Evocations     | 3 5 6 8 |  8.5

Action                   |  1- 3 |  4- 6 |  7- 9 | 10-12 | 13-15 | 16-18 || total
-------------------------+-------+-------+-------+-------+-------+-------++-------
Melee: War axe           |   106 |   123 |       |       |       |    68 ||   297
       Hand axe          |       |    47 |   524 |   621 |       |       ||  1192
       Broad axe         |       |       |       |   293 |  1132 |    88 ||  1513
Invok: Heroism           |       |       |     3 |     5 |    10 |       ||    18
Evoke: Wand              |       |       |     5 |    13 |    33 |     5 ||    56
  Use: Scroll            |     2 |     7 |    11 |     8 |    13 |     3 ||    44
       Potion            |       |       |     1 |    11 |     7 |     1 ||    20
 Stab: Paralysed         |       |       |       |    11 |     3 |       ||    14
       Petrifying        |       |       |       |       |     1 |       ||     1
  Eat: Chunk             |     1 |     6 |    17 |    13 |    23 |     1 ||    61
       Ration            |       |       |     1 |     7 |     4 |     2 ||    14
Armor: Scale mail        |    49 |    63 |    82 |       |       |       ||   194
       Chain mail        |       |       |    46 |    95 |       |       ||   141
       Plate armour      |       |       |       |   386 |   542 |    78 ||  1006
Dodge: Dodged            |    41 |    54 |    64 |    89 |   169 |    41 ||   458
Block: Kite shield       |    56 |    87 |    70 |       |    83 |    94 ||   390
       Tower shield      |       |       |   228 |   798 |  1078 |       ||  2104
       Reflection        |       |       |       |       |     8 |    12 ||    20
